 Dungeon Crawl Stone Soup version 0.18.1-50-g88ac8fd (webtiles) character file.

147 Patate the Sneak (level 5, 0/26 HPs)
             Began as a Spriggan Assassin on Oct 24, 2016.
             Killed from afar by Natasha (8 damage)
             ... with a magic dart
             ... on level 2 of the Dungeon on Oct 25, 2016.
             The game lasted 00:08:19 (2573 turns).

Patate the Sneak (Spriggan Assassin)                Turns: 2573, Time: 00:08:19

Health: 0/26       AC:  3    Str:  7    XL:     5   Next: 7%
Magic:  6/6        EV: 19    Int: 13    God:
Gold:   66         SH:  0    Dex: 18    Spells: 0 memorised, 4 levels left

rFire  . . .     SeeInvis +     a - +2 dagger
rCold  . . .     Gourm    .     c - +0 robe
rNeg   . . .     Faith    .     (shield restricted)
rPois  .         Spirit   .     (helmet restricted)
rElec  .         Dismiss  .     d - +0 cloak
rCorr  .         Reflect  .     (gloves unavailable)
SustAt .         Harm     .     (boots unavailable)
MR     .....                    (no amulet)
Stlth  ++++......               (no ring)
                                (no ring)

@: very quick, not resistant to hostile enchantments, stealthy
A: unfitting armour, see invisible, herbivore 3, speed 3, slow metabolism 2
a: no special abilities


You were on level 2 of the Dungeon.
You were not hungry.

You visited 1 branch of the dungeon, and saw 2 of its levels.

You collected 66 gold pieces.

Inventory:

Hand Weapons
 a - a +2 dagger (weapon)
 b - a +0 blowgun
Missiles
 f - 5 curare-tipped needles
 k - 6 poisoned needles
Armour
 c - a +0 robe (worn)
 d - a +0 cloak (worn)
Wands
 e - a wand of polymorph (11/24)
Scrolls
 j - a scroll of teleportation
 l - 2 scrolls of identify
 m - a scroll of random uselessness {unknown}
Potions
 h - a potion of curing
Comestibles
 g - 3 bread rations


   Skills:
 + Level 2.0 Fighting
 + Level 3.2 Short Blades
 - Level 2.0 Throwing
 + Level 3.5 Dodging
 * Level 7.9 Stealth


You had 4 spell levels left.
You didn't know any spells.

Dungeon Overview and Level Annotations

Branches:
Dungeon (2/15)

Altars:

Annotations:
D:2 remonter!, Natasha


Innate Abilities, Weirdness & Mutations

You are tiny and cannot use many weapons and most armour.
You have supernaturally acute eyesight.
You are a herbivore.
You cover ground extremely quickly.
You need consume almost no food.


Message History

You hit Natasha.
Natasha is moderately wounded.
Natasha claws you!
You hit Natasha.
Natasha is heavily wounded.
Natasha claws you but does no damage.
You hit Natasha.
Natasha is heavily wounded.
You hit Natasha.
Natasha is severely wounded.
Natasha casts a spell at you. The magic dart hits you!
You barely miss Natasha.
Natasha is severely wounded.
Natasha casts a spell.
You hit Natasha but do no damage.
Natasha is severely wounded.
Natasha stares at you and mumbles some strange words.
The magic dart hits you!
You die...

## # # # # ######### #
######.......#
##...##.#####.###♣#
#.@...#.#####.##...
#>.h.......##.##.♣#
###.5...#.##.##.##...
.##....
#P.....##.......####.
.......♣..P...#####.#### ##.
#......♣.♣♣.P..# #.######..
#...♣♣.♣♣♣♣♣P♣P####.........
#.PP♣♣♣PP.♣♣♣P.....#######..
#...♣....♣P♣...###.#########


You could see Natasha and a shadow imp.

Vanquished Creatures
  Ijyb (D:2)
  Natasha (D:2)
  Robin (D:2)
  An adder (D:1)
  An ooze (D:1)
  A worm (D:2)
  2 dart slugs (D:2)
  A giant cockroach (D:1)
  19 goblins
  8 hobgoblins
  3 jackals (D:2)
  7 bats
  A giant newt (D:2)
  8 kobolds
  7 rats
62 creatures vanquished.

Notes
Turn   | Place    | Note
--------------------------------------------------------------
     0 | D:1      | Patate the Spriggan Assassin began the quest for the Orb.
     0 | D:1      | Reached XP level 1. HP: 10/10 MP: 2/2
    71 | D:1      | Reached skill level 6 in Stealth
    88 | D:1      | Reached XP level 2. HP: 5/14 MP: 3/3
   595 | D:1      | Reached XP level 3. HP: 17/18 MP: 4/4
   707 | D:1      | Reached skill level 7 in Stealth
  1334 | D:2      | Noticed Ijyb
  1378 | D:2      | Killed Ijyb
  1378 | D:2      | Reached XP level 4. HP: 13/23 MP: 5/5
  1653 | D:2      | Noticed Robin
  1731 | D:2      | HP: 1/23 [hobgoblin/club[Robin] (4)]
  2080 | D:2      | Killed Robin
  2467 | D:2      | Noticed Natasha
  2483 | D:2      | Killed Natasha
  2483 | D:2      | Reached XP level 5. HP: 26/26 MP: 6/6
  2560 | D:2      | Noticed Natasha
  2573 | D:2      | Killed from afar by Natasha

Skill      XL: |  1  2  3  4 |
---------------+-------------+-----
Stealth        | 6 7 |  7.9
Dodging        | 2 3 |  3.5
Short Blades   | 3 |  3.2
Fighting       | 2 |  2.0
Throwing       | |  2.0

Action                   |  1- 3 |  4- 6 || total
-------------------------+-------+-------++-------
Melee: Dagger            |   126 |    66 ||   192
 Fire: Blowgun           |    12 |    12 ||    24
  Use: Scroll            |       |     3 ||     3
 Stab: Sleeping          |     9 |     4 ||    13
       Distracted        |     2 |       ||     2
Armor: Robe              |    18 |     7 ||    25
Dodge: Dodged            |    94 |    51 ||   145
